[Event "Summer Prague Open-A 2024"]
[Site "Prague"]
[Date "2024.08.03"]
[Round "2.22"]
[White "Stocek, Martin"]
[Black "Dome, Michal"]
[Result "0-1"]
[Annotator "ChessBase"]
[ECO "D37"]
[WhiteElo "2176"]
[BlackElo "1965"]
[PlyCount "70"]
[EventDate "2024.08.02"]
[EventType "swiss"]
[EventCountry "CZE"]
[SourceTitle "playchess.com"]
[Source "ChessBase"]
[SourceQuality "1"]
[TimeControl "40/5400+30:1800+30"]

1. d4 d5 2. c4 e6 3. Nc3 Nf6 4. Nf3 Be7 5. Bf4 O-O 6. e3 b6 7. Bd3 dxc4 8. Bxc4 Bb7 9. O-O a6 10. Qe2 b5 11. Bd3 c5 12. Rad1 Qb6 13. Bb1 Nc6 14. a3 Rfd8 15. dxc5 Bxc5 16. b4 Be7 17. e4 Na7 18. Be3 Qc7 19. Rc1 Nc6 20. Qc2 Rac8 21. Qb3 Qb8 22. Rfe1 Rd7 23. Bg5 Ne5 24. a4 Nxf3+ 25. gxf3 Ng4 26. fxg4 Bxg5 27. Rcd1 Bd2 28. Ne2 Rcd8 29. Rf1 bxa4 30. Qxa4 Qa8 31. f3 Bc6 32. Qc2 Bb5 33. Rf2 Bxe2 34. e5 g6 35. Rxe2 Be3+ 0-1

[Event "Summer Prague Open-A 2024"]
[Site "Prague"]
[Date "2024.08.03"]
[Round "2.23"]
[White "Zelezny, Jan"]
[Black "Toure, Vasanth"]
[Result "0-1"]
[Annotator "RC"]
[ECO "C50"]
[WhiteElo "1965"]
[BlackElo "2176"]
[PlyCount "118"]
[EventDate "2024.08.02"]
[EventType "swiss"]
[EventCountry "CZE"]
[SourceTitle "playchess.com"]
[Source "ChessBase"]
[SourceQuality "1"]
[TimeControl "40/5400+30:1800+30"]

1. e4 e5 2. Nf3 Nc6 3. Bc4 Bc5 4. O-O Nf6 5. d3 d6 6. h3 h6 7. c3 a6 8. a4 Ba7 9. Nbd2 O-O 10. Re1 Ne7 11. Nf1 b5 12. axb5 axb5 13. Ba2 Ng6 14. Be3 Bxe3 15. Nxe3 Bb7 16. g3 d5 17. exd5 Nxd5 18. Nxd5 Bxd5 19. Bxd5 Rxa1 20. Qxa1 Qxd5 21. Qd1 c5 22. Qe2 Re8 23. Qe4 Qd7 24. Kh2 f5 25. Qe3 Qd6 26. d4 cxd4 27. Nxd4 Qd7 28. Qe2 b4 29. Qc4+ Kh7 30. Qc6 Qf7 31. cxb4 Rd8 32. Qe6 Qa7 33. Rd1 Rxd4 34. Rxd4 Qxd4 35. Qxf5 Qxb4 36. h4 Qf8 37. Qc2 h5 38. Qe2 Kh6 39. Qe3+ Kh7 40. Qe2 Qf5 41. b4 Qg4 42. Qd2 e4 43. b5 Ne5 44. Qd5 Qf5 45. Kg2 Qf3+ 46. Kg1 Nd3 47. Qd4 Ne1 48. Kf1 Qh1+ 49. Ke2 Nd3 50. Qc3 Qf3+ 51. Kd2 Qxf2+ 52. Kd1 Qxg3 53. Qd4 Qe1+ 54. Kc2 Qc1+ 55. Kb3 Qb1+ 56. Kc4 Qb4+ 57. Kd5 Qxb5+ 58. Kxe4 Nc5+ 59. Kf3 Qd3+ 0-1

[Event "Summer Prague Open-A 2024"]
[Site "Prague"]
[Date "2024.08.03"]
[Round "2.24"]
[White "Pujari, Rucha"]
[Black "Davidek, Zdenek"]
[Result "1/2-1/2"]
[Annotator "ChessBase"]
[ECO "D77"]
[WhiteElo "2175"]
[BlackElo "1964"]
[PlyCount "64"]
[EventDate "2024.08.02"]
[EventType "swiss"]
[EventCountry "CZE"]
[SourceTitle "playchess.com"]
[Source "ChessBase"]
[SourceQuality "1"]
[TimeControl "40/5400+30:1800+30"]

1. d4 Nf6 2. c4 g6 3. Nf3 Bg7 4. g3 O-O 5. Bg2 d5 6. O-O dxc4 7. Na3 c3 8. bxc3 c5 9. e3 Nc6 10. Qe2 Bf5 11. Rd1 Qc7 12. Nb5 Qb6 13. a4 a6 14. dxc5 Qa5 15. Nbd4 Be4 16. Nd2 Bxg2 17. Nc4 Nxd4 18. cxd4 Qc3 19. Kxg2 Qxa1 20. Qc2 b5 21. cxb6 Rac8 22. b7 Rc7 23. Qb3 Rb8 24. Ba3 Qxd1 25. Qxd1 Rxc4 26. Bc5 Rxb7 27. Qf3 Rb8 28. Qc6 Rc2 29. Qc7 Rbb2 30. Qd8+ Bf8 31. Bxe7 Rxf2+ 32. Kg1 Rg2+ 1/2-1/2

[Event "Summer Prague Open-A 2024"]
[Site "Prague"]
[Date "2024.08.03"]
[Round "2.25"]
[White "Zhakan, Erasyl"]
[Black "Czaeczine, Anne"]
[Result "0-1"]
[Annotator "ChessBase"]
[ECO "A06"]
[WhiteElo "1962"]
[BlackElo "2172"]
[PlyCount "74"]
[EventDate "2024.08.02"]
[EventType "swiss"]
[EventCountry "CZE"]
[SourceTitle "playchess.com"]
[Source "ChessBase"]
[SourceQuality "1"]
[TimeControl "40/5400+30:1800+30"]

1. Nf3 d5 2. b3 c5 3. e3 Nc6 4. Bb2 Nf6 5. Bb5 Bg4 6. h3 Bxf3 7. Bxc6+ bxc6 8. Qxf3 Rb8 9. O-O e6 10. d3 a5 11. a4 Be7 12. Nd2 O-O 13. Qg3 Nh5 14. Qg4 g6 15. Qe2 Bf6 16. Bxf6 Qxf6 17. Nf3 Rb4 18. d4 cxd4 19. exd4 Nf4 20. Qe3 c5 21. g3 Nh5 22. Ne5 cxd4 23. Qe1 Rc8 24. Nd3 Rbb8 25. Ra2 Rc3 26. Qe2 Rbc8 27. b4 axb4 28. Nxb4 Nxg3 29. fxg3 Rxg3+ 30. Kh1 Qh4 31. Rf2 Rxh3+ 32. Rh2 Rxh2+ 33. Qxh2 Qe1+ 34. Qg1 Qxb4 35. a5 Qc3 36. Qc1 Qh3+ 37. Kg1 Rc3 0-1

[Event "Summer Prague Open-A 2024"]
[Site "Prague"]
[Date "2024.08.03"]
[Round "2.26"]
[White "Kotal, Vaclav"]
[Black "Steiner, Juraj"]
[Result "1/2-1/2"]
[Annotator "RC"]
[ECO "B24"]
[WhiteElo "2151"]
[BlackElo "1959"]
[PlyCount "83"]
[EventDate "2024.08.02"]
[EventType "swiss"]
[EventCountry "CZE"]
[SourceTitle "playchess.com"]
[Source "ChessBase"]
[SourceQuality "1"]
[TimeControl "40/5400+30:1800+30"]

1. e4 c5 2. Nc3 Nc6 3. Bb5 Nd4 4. Nf3 Nxb5 5. Nxb5 d6 6. d4 Qa5+ 7. Nc3 Bg4 8. dxc5 Qxc5 9. Be3 Qc4 10. h3 Bh5 11. g4 Bg6 12. Nd2 Qc6 13. f4 f5 14. Rh2 e6 15. exf5 exf5 16. Qe2 O-O-O 17. O-O-O d5 18. Nb3 Nf6 19. Nb5 Qc4 20. Nxa7+ Kc7 21. Qxc4+ dxc4 22. Nd4 Re8 23. Ndb5+ Kb8 24. Bb6 fxg4 25. Nc7 Bc5 26. Bxc5 Kxc7 27. hxg4 Nxg4 28. Rhd2 Bf5 29. Rd6 Kb8 30. Nb5 Rc8 31. R1d5 g6 32. Rb6 Rc6 33. Bd6+ Ka8 34. Nc7+ Ka7 35. Rb4 b6 36. Nb5+ Kb7 37. Nd4 Ne3 38. Nxc6 Nxd5 39. Rxc4 Ne3 40. Rc3 Nd5 41. Rc4 Ne3 42. Rc3 1/2-1/2

[Event "Summer Prague Open-A 2024"]
[Site "Prague"]
[Date "2024.08.03"]
[Round "2.27"]
[White "Korenova, Martina"]
[Black "Sramek, Ondrej"]
[Result "1-0"]
[Annotator "ChessBase"]
[ECO "A57"]
[WhiteElo "2145"]
[BlackElo "1956"]
[PlyCount "51"]
[EventDate "2024.08.02"]
[EventType "swiss"]
[EventCountry "CZE"]
[SourceTitle "playchess.com"]
[Source "ChessBase"]
[SourceQuality "1"]
[TimeControl "40/5400+30:1800+30"]

1. d4 Nf6 2. c4 c5 3. d5 b5 4. cxb5 a6 5. Nc3 Bb7 6. e4 axb5 7. Bxb5 Qa5 8. f3 e6 9. dxe6 fxe6 10. Nge2 Be7 11. O-O O-O 12. e5 Nd5 13. Nxd5 exd5 14. a4 Kh8 15. Nf4 d4 16. Qe2 d5 17. Bd2 Qa7 18. Ne6 c4 19. Kh1 Rc8 20. f4 Nc6 21. f5 Nd8 22. Nxg7 Kxg7 23. f6+ Kh8 24. fxe7 Nc6 25. Rf7 Rg8 26. Rxh7+ 1-0

[Event "Summer Prague Open-A 2024"]
[Site "Prague"]
[Date "2024.08.03"]
[Round "2.28"]
[White "Starcevic, Danijel"]
[Black "Persson, Andreas"]
[Result "0-1"]
[Annotator "RC"]
[ECO "E04"]
[WhiteElo "1957"]
[BlackElo "2139"]
[PlyCount "110"]
[EventDate "2024.08.02"]
[EventType "swiss"]
[EventCountry "CZE"]
[SourceTitle "playchess.com"]
[Source "ChessBase"]
[SourceQuality "1"]
[TimeControl "40/5400+30:1800+30"]

1. d4 d5 2. c4 e6 3. Nf3 Nf6 4. g3 dxc4 5. Bg2 c5 6. O-O Nc6 7. dxc5 Qxd1 8. Rxd1 Bxc5 9. Nbd2 c3 10. bxc3 Bd7 11. Nb3 Be7 12. Nfd4 Rc8 13. Bg5 Nd8 14. Rac1 Ba3 15. Rc2 e5 16. Nf3 Nc6 17. Ne1 Bf5 18. Rcd2 O-O 19. Nc2 Be7 20. Ne3 Be6 21. Bxf6 gxf6 22. Nd5 b6 23. e4 Kg7 24. Bf1 Ba3 25. Ba6 Rcd8 26. Nc7 Bg4 27. Rxd8 Rxd8 28. Rxd8 Nxd8 29. Nb5 Be2 30. Nxa3 Bxa6 31. f3 Ne6 32. Kf2 Kg6 33. c4 f5 34. exf5+ Kxf5 35. Ke3 Nc7 36. Nd2 Ke6 37. Ne4 h6 38. g4 Ke7 39. Ng3 Bc8 40. Ke4 Kf6 41. Nb1 Bb7+ 42. Ke3 Ne8 43. Nd2 Ke6 44. Nf5 h5 45. Ne4 Bxe4 46. Kxe4 Nf6+ 47. Ke3 hxg4 48. Nh6 gxf3 49. Kxf3 Ne8 50. h4 f5 51. Ke3 Nd6 52. Kd3 Kf6 53. Ng8+ Kf7 54. Nh6+ Kg6 55. Ng8 Nc8 0-1